 Dungeon Crawl Stone Soup version 0.27.0-1-g7a089689b8 (webtiles) character file.

Game seed: 7178288091595449129

1632 gimp the Firebug (level 8, -4/62 HPs)
             Began as a Naga Fire Elementalist on Aug 4, 2021.
             Was an Initiate of Vehumet.
             Slain by Duvessa (11 damage)
             ... on level 6 of the Dungeon on Aug 5, 2021.
             The game lasted 00:14:05 (7028 turns).

gimp the Firebug (Naga Fire Elementalist)           Turns: 7028, Time: 00:14:05

Health: -4/62      AC:  3    Str:  8 (11) XL:     8   Next: 98%
Magic:  7/15       EV:  9    Int: 16 (17) God:    Vehumet [......]
Gold:   212        SH:  0    Dex: 10 (12) Spells: 3/16 levels left

rFire    + . .     SeeInvis +   y - +2 dagger (venom)
rCold    + . .     Faith    .   (no shield)
rNeg     . . .     Spirit   .   a - +0 robe
rPois    +         Reflect  .   (no helmet)
rElec    .         Harm     .   p - scarf {rC+ rF+}
rCorr    +         Rampage  .   (no gloves)
Will     +....                  (no barding)
Stlth    ++........             (no amulet)
HPRegen  0.20/turn              o - ring of resist corrosion
MPRegen  0.14/turn              (no ring)

@: lethally poisoned (-4 -> -18), very slow
A: AC +2, large, see invisible, deformed body, poison resistance, slowness 2,
spit poison 1, naga tail 1
a: Spit Poison, Renounce Religion


You were on level 6 of the Dungeon.
You worshipped Vehumet.
Vehumet was noncommittal.
You visited 2 branches of the dungeon, and saw 7 of its levels.

You collected 212 gold pieces.

Inventory:

Hand Weapons
 y - a +2 dagger of venom (weapon)
Missiles
 e - 48 poisoned darts
 k - 2 throwing nets
Armour
 a - a +0 robe (worn)
 p - a scarf of resistance (worn)
Magical Staves
 g - a staff of death
Jewellery
 o - a ring of resist corrosion (left hand)
Scrolls
 b - a scroll of teleportation {unknown}
 f - 4 scrolls of identify
 i - a scroll of torment {unknown}
 j - a scroll of fear {unknown}
 m - a scroll of noise {unknown}
 n - 2 scrolls of enchant armour {unknown}
 q - 2 scrolls of fog {unknown}
 r - a scroll of amnesia {unknown}
 t - a scroll of acquirement {unknown}
 u - a scroll of summoning {unknown}
 v - a scroll of holy word {unknown}
Potions
 c - 2 potions of flight {unknown}
 h - 2 potions of curing
 l - a potion of degeneration
 s - a potion of invisibility {unknown}
 w - a potion of attraction


   Skills:
 - Level 1.5 Dodging
 - Level 3.0 Stealth
 + Level 4.8 Spellcasting
 * Level 7.0 Conjurations
 * Level 7.6 Fire Magic


You had 3 spell levels left.
You knew the following spells:

 Your Spells              Type           Power      Damage    Failure   Level
a - Foxfire               Conj/Fire      100%       2x1d9     1%          1
b - Conjure Flame         Conj/Fire      27%        6-21      2%          3
c - Sticky Flame          Conj/Fire      27%        2d5       8%          4
d - Fireball              Conj/Fire      13%        3d7       22%         5

Your spell library contained the following spells:

 Spells                   Type           Power      Damage    Failure   Level
 Inner Flame              Hex/Fire       16%        N/A       10%         3
 Blink                    Tloc           N/A        N/A       24%         2
 Corpse Rot               Necr/Air       N/A        N/A       24%         2
 Sublimation of Blood     Necr           1%         N/A       24%         2
 Wereblood                Tmut           3%         N/A       24%         2
 Ozocubu's Armour         Ice            3%         N/A       43%         3
 Dispel Undead            Necr           3%         3d7       83%         4
 Manifold Assault         Tloc           3%         N/A       99%         5
 Death Channel            Necr           1%         N/A       100%        6
 Ozocubu's Refrigeration  Ice            1%         4d5       100%        7
 Storm Form               Tmut/Air       1%         N/A       100%        7
 Summon Hydra             Summ           1%         N/A       100%        7


Dungeon Overview and Level Annotations

Branches:
Dungeon (6/15)             Temple (1/1) D:6

Altars:
Ashenzari
Cheibriados
Dithmenos
Fedhas
Hepliaklqana
Okawaru
Qazlal
Ru
Sif Muna
Trog
Uskayaw
Vehumet
Wu Jian
Xom
Yredelemnul
Zin

Annotations:
D:1 1 runed translucent door
D:4 2 transporters, ardl's ghost, amateur FoWr
D:5 3 runed translucent doors, exclusion: jackal, DocClef's ghost, weakling GnDe; Eustachio
D:6 exclusion: door, Duvessa


Innate Abilities, Weirdness & Mutations

Your serpentine skin is tough. (AC +2)
You have supernaturally acute eyesight. (SInv)
Armour fits poorly on your strangely shaped body.
Your system is resistant to poisons. (rPois)
You cover ground very slowly.
You can spit poison.
You have a snake-like lower body.


Message History

You aren't carrying any items that you can evoke.
Unknown command.
As you read the scroll labelled HAMAFO IQARR, it crumbles to dust.
It is a scroll of identify.
w - a potion of attraction Duvessa burns!
Duvessa stops burning.
Duvessa hits you with a +1 short sword of venom!
You take 14 damage, and have 26/62 hp.
MASSIVE DAMAGE!!
Casting: Sticky Flame (dangerous; 7% risk of failure)
Confirm with . or Enter, or press ? or * to list all spells.
Aiming: Sticky Flame (dangerous; 7% risk of failure)
Press: ? - help, Shift-Dir - straight line, f/p - Duvessa
Aim: Duvessa, wielding a +1 short sword of venom and wearing a +0 chain mail (moderately wounded, berserk, 100% to hit)
The sticky flame hits Duvessa but does no damage.
Duvessa is moderately wounded.
Duvessa is covered in liquid flames!
Duvessa burns!
Duvessa misses you.
Duvessa hits you with a +1 short sword of venom!
* * * LOW HITPOINT WARNING * * *
You are lethally poisoned!
You take 13 damage, and have 13/62 hp.
MASSIVE DAMAGE!!
You now have 6/15 mp.
You feel better.
Duvessa burns!
Duvessa closely misses you.
You regained 9 hp, and now have 22/62 hp.
You feel much better.
Duvessa burns!
Duvessa hits you with a +1 short sword of venom! x2
* * * LOW HITPOINT WARNING * * *
You take 10 damage, and have 12/62 hp.
You feel better.
Duvessa burns!
Duvessa hits you with a +1 short sword of venom.
You regained 9 hp, and now have 21/62 hp.
You aren't carrying any items that you can evoke.
Unknown command.
It was a potion of degeneration.
There was something very wrong with that liquid.
You feel weakened.
You feel dopey.
You feel clumsy.
Duvessa burns!
Duvessa stops burning.
Duvessa hits you with a +1 short sword of venom!
* * * LOW HITPOINT WARNING * * *
You are lethally poisoned!
Duvessa hits you with a +1 short sword of venom!
You die...

#.....##.......# #.....
#.....#........#
#......#.....##......##
#......#.....##......##
#......#..............# ....
#.....##...(..........#
......##.....##.....##.......#
#.....+.....##.....##....).##
#.....#.......@....##......## .
#....##.....)e.....'........#
)##....##.....)......#........#
..............##.....##.......#
..............#########.......#
##...)........# #........#
##....##.....## ##......##
#.....######## ########
#......#


You could see Duvessa (berserk).

Vanquished Creatures
  Prince Ribbit (D:5)
  2 ice beasts (D:5)
  2 sky beasts
  A phantom (D:5)
  5 scorpions
  A water moccasin zombie (D:6)
  Dowan (D:6)
  4 wights (D:6)
  3 hounds (D:5)
  2 orc priests (D:2)
  An iguana (D:5)
  An orc wizard (D:5)
  A hound skeleton (D:4)
  3 gnolls (D:5)
  9 adders
  An adder skeleton (D:4)
  4 worms
  A dart slug (D:4)
  11 orcs
  13 ball pythons
  4 bats (D:1)
  8 endoplasms
  3 giant cockroaches
  3 goblins
  2 hobgoblins (D:2)
  11 jackals
  3 quokkas
  3 frilled lizards
  6 kobolds
  5 rats
115 creatures vanquished.

Vanquished Creatures (others)
  335 foxfires
  4 withered plants (D:2)
339 creatures vanquished.

Grand Total: 454 creatures vanquished

Notes
Turn   | Place    | Note
-------+----------+-------------------------------------------
     0 | D:1      | gimp the Naga Fire Elementalist began the quest for the
                  | Orb.
     0 | D:1      | Reached XP level 1. HP: 15/15 MP: 3/3
     0 | D:1      | Noticed a jelly
     3 | D:1      | Found a runed translucent door.
   198 | D:1      | Reached XP level 2. HP: 17/22 MP: 3/5
   895 | D:2      | Reached XP level 3. HP: 14/28 MP: 1/6
  1469 | D:2      | Found a faded altar of an unknown god.
  1803 | D:2      | Reached XP level 4. HP: 25/36 MP: 7/7
  2217 | D:3      | Reached XP level 5. HP: 39/42 MP: 9/9
  2461 | D:3      | Learned a level 3 spell: Conjure Flame
  2466 | D:3      | Learned a level 4 spell: Sticky Flame
  3252 | D:4      | Found a snail-covered altar of Cheibriados.
  3344 | D:4      | Reached XP level 6. HP: 43/49 MP: 8/10
  3692 | D:4      | Found a hazy altar of Hepliaklqana.
  3813 | D:4      | Found a transporter.
  3814 | D:4      | Noticed ardl's ghost (amateur FoWr)
  3815 | D:4      | Found a transporter.
  4519 | D:5      | Entered Level 5 of the Dungeon
  4644 | D:5      | Found a broken altar of Ashenzari.
  4663 | D:5      | Noticed an ice beast
  4670 | D:5      | Reached skill level 5 in Fire Magic
  4674 | D:5      | Killed an ice beast
  4675 | D:5      | Reached XP level 7. HP: 16/55 MP: 2/12
  5077 | D:5      | Noticed DocClef's ghost (weakling GnDe)
  5218 | D:5      | Found a runed translucent gate.
  5218 | D:5      | Found a runed translucent gate.
  5218 | D:5      | Found a runed translucent gate.
  5240 | D:5      | Found a bloodstained altar of Trog.
  5251 | D:5      | Reached skill level 5 in Conjurations
  5290 | D:5      | Noticed Eustachio
  5558 | D:5      | Learned a level 5 spell: Fireball
  5845 | D:5      | Noticed Prince Ribbit
  5855 | D:5      | Killed Prince Ribbit
  5856 | D:5      | Reached XP level 8. HP: 16/62 MP: 8/14
  6470 | D:6      | Found a staircase to the Ecumenical Temple.
  6479 | Temple   | Entered the Ecumenical Temple
  6580 | Temple   | Became a worshipper of Vehumet
  6913 | D:6      | Noticed Dowan
  6922 | D:6      | Killed Dowan
  6927 | D:6      | Noticed Duvessa
  7028 | D:6      | Slain by Duvessa

Illustrated notes

Levels and vault maps discovered:
D:1:      dpeg_arrival_caged_fury, layout_loops_ring
D:2:      layout_basic, ebering_ecumenical_altar_petrified
D:3:      layout_loops_ring, ebering_ghost_rock_garden
D:4:      layout_cave_pods, kennysheep_slug_shrine, kennysheep_mini,
          gammafunk_ghost_arena, saegor_snake_ambush
D:5:      layout_basic, ashenzari_conservatory_becter,
          nicolae_overflow_hidden_temple, gammafunk_ghost_icy, uniq_eustachio,
          uniq_prince_ribbit1
D:6:      layout_gridville, makhleb_altar_promises_db,
          minmay_temple_entry_wispy, uniq_duvessa
Temple:   nicolae_temple_hex_pool

Skill      XL: |  1  2  3  4  5  6  7  8 |
---------------+-------------------------+-----
Conjurations   | 2 3 4 5 7 |  7.0
Fire Magic     | 4 5 6 7 |  7.6
Spellcasting   | 3 4 |  4.8
Dodging        | |  1.5
Stealth        | |  3.0

Action                   |  1- 3 |  4- 6 |  7- 9 || total
-------------------------+-------+-------+-------++-------
Melee: Dagger            |    28 |    64 |     9 ||   101
 Cast: Foxfire           |    26 |    80 |    92 ||   198
       Sticky Flame      |       |       |     2 ||     2
 Abil: Spit Poison       |    29 |    42 |    17 ||    88
  Use: Potion            |       |       |     5 ||     5
       Scroll            |       |       |     1 ||     1
 Stab: Sleeping          |     1 |       |       ||     1
Armor: Robe              |    15 |    15 |     7 ||    37
Dodge: Dodged            |    26 |    49 |    13 ||    88
